[Event "Live Chess"]
[Site "Chess.com"]
[Date "2023.05.20"]
[Round "-"]
[White "rideuv21"]
[Black "Hacker_2009"]
[Result "0-1"]
[WhiteElo "1827"]
[BlackElo "1906"]
[TimeControl "300"]
[EndTime "12:38:05 PDT"]
[Termination "Hacker_2009 won by resignation"]

1. e4 c5 2. c3 d5 3. exd5 Qxd5 4. d4 e6 5. Nf3 Nc6 6. Bd3 Nf6 7. O-O Be7 8. Qe2 cxd4 9. cxd4 Nxd4 10. Nxd4 Qxd4 11. Nc3 O-O 12. Be3 Qb4 13. Rfd1 b6 14. a3 Qa5 15. Qf3 Rb8 16. Qg3 Bb7 17. b4 Qh5 18. Bf4 Rbc8 19. Be2 Qg6 20. Nb5 Qxg3 21. Bxg3 a6 22. Nd6 Rb8 23. Nxb7 Rxb7 24. Bxa6 Ra7 25. Bb5 Nd5 26. Bc6 Nc3 27. Rd7 Rxd7 28. Bxd7 Bf6 29. Re1 Ra8 30. Bc7 Ra7 31. Bxb6 Rxd7 0-1

[Event "Live Chess"]
[Site "Chess.com"]
[Date "2023.05.20"]
[Round "-"]
[White "MarkLim1"]
[Black "1600x"]
[Result "0-1"]
[WhiteElo "1672"]
[BlackElo "1743"]
[TimeControl "300"]
[EndTime "12:38:06 PDT"]
[Termination "1600x won by resignation"]

1. d4 d5 2. Nf3 Nc6 3. e3 Qd6 4. Nbd2 Bf5 5. a3 O-O-O 6. c4 e5 7. dxe5 Qd7 8. cxd5 Qxd5 9. Bc4 Qd7 10. O-O a6 11. b4 f6 12. exf6 Nxf6 13. Bb2 h5 14. Nb3 b5 15.
Be2 Be4 16. Nc5 Qxd1 17. Rfxd1 Bxc5 18. bxc5 Bc2 19. Rdc1 Bd3 20. Bxd3 Rxd3 21. Rd1 Rhd8 22.
Nd4 Rxd1+ 23. Rxd1 Kb7 24. Kf1 Rd5 25. Ke2 Na5 26. Nf3 Rxd1 27. Kxd1 Nc4 28. Kc2 Nxb2 29. Kxb2 Ne4 30. Kb3 Nxc5+ 31. Kc3 Ne4+ 32. Kd4 Nxf2 33. Nh4 Kb6 34. Nf5 c5+ 35. Kc3 g5 36. Ng7 Nd1+ 37.
Kd2 Nb2 38. Nxh5 Nc4+ 39. Kc3 Nxa3 40. e4 b4+ 41. Kb2 Nc4+ 42. Kc2 a5 43. e5 Nxe5 44. Ng3 g4 45. Ne4 a4 46. h3 c4 47. h4 a3 48. Kb1 Kc6 49. h5 Nf7 50. Nf6 b3 51. Nxg4 a2+ 52. Ka1 c3 53. Ne3 c2 54.
Kb2 a1=Q+ 0-1

[Event "Live Chess"]
[Site "Chess.com"]
[Date "2023.05.20"]
[Round "-"]
[White "Ninifu"]
[Black "sup3rm0nk3y"]
[Result "1-0"]
[WhiteElo "2015"]
[BlackElo "1320"]
[TimeControl "300"]
[EndTime "12:38:12 PDT"]
[Termination "Ninifu won by resignation"]

1. d4 d5 2. e4 dxe4 3. Nc3 Nf6 4. f3 exf3 5. Nxf3 Bg4 6. h3 Bh5 7. g4 Bg6 8. Ne5 Nbd7 9. Bf4 Nxe5 10. dxe5 Qxd1+ 11. Rxd1 Nd7 12. Nb5 O-O-O 13. e6 fxe6 14. Bxc7 Re8 15. Bg3 a6 16. Na7+ Kd8 17. Bc4 Bf7 18.
O-O Bg8 19. Be5 h5 20. Rd2 1-0

[Event "Live Chess"]
[Site "Chess.com"]
[Date "2023.05.20"]
[Round "-"]
[White "ChippyChill"]
[Black "mpersander"]
[Result "0-1"]
[WhiteElo "412"]
[BlackElo "1000"]
[TimeControl "300"]
[EndTime "12:38:17 PDT"]
[Termination "mpersander won by resignation"]

1. d4 Nf6 2. g3 g6 3. Nf3 d5 4.
Bg2 Bg7 5. O-O O-O 6. Bg5 Nc6 7.
Bxf6 Bxf6 8. c3 Bf5 9. Na3 a6 10. e3 Bg4 11. Rc1 e6 12. b4 Ne7 13.
Qd3 Bxf3 14. Bxf3 b5 15. Rfd1 Rc8 16. Bg4 Nc6 17. f4 Qe7 18. e4 dxe4 19. Qxe4 Nxb4 20. Ra1 Nc2 21. Qxc2 Qxa3 22. Bf3 c5 23. Bb7 Rc7 24. Be4 cxd4 25. cxd4 Rxc2 0-1

[Event "Live Chess"]
[Site "Chess.com"]
[Date "2023.05.20"]
[Round "-"]
[White "Brooms1989"]
[Black "RoaringKnights"]
[Result "0-1"]
[WhiteElo "1010"]
[BlackElo "992"]
[TimeControl "300"]
[EndTime "12:38:32 PDT"]
[Termination "RoaringKnights won by checkmate"]

1. e4 c6 2. d4 Qa5+ 3. Bd2 Qb6 4.
Nf3 Qxb2 5. Nc3 Qb6 6. Bd3 Qd8 7. O-O d5 8. exd5 cxd5 9. Bb5+ Nc6 10. Re1 Bg4 11. h3 Bh5 12. Re5 Nf6 13. Bg5 a6 14. Bxf6 axb5 15. Rxd5 Qa5 16. Qd3 Bxf3 17. Qxf3 exf6 18.
Re1+ Be7 19. Rxb5 Qa6 20. Rb3 Nxd4 21. Qe3 Ne6 22. Nd5 Qd6 23. Rd3 Qc5 24. Qxc5 Bxc5 25. Nc7+ Ke7 26. Nxa8 Rxa8 27. Red1 Rd8 28. Rb3 Rxd1+ 29.
Kh2 Bxf2 30. Rxb7+ Rd7 31. Rb1 Nd4 32. a4 Be3 33. a5 Nxc2 34. Rb2 Bf4+ 35. Kh1 Rd1# 0-1

[Event "Live Chess"]
[Site "Chess.com"]
[Date "2023.05.20"]
[Round "-"]
[White "thrithik"]
[Black "DmitryVasliev"]
[Result "0-1"]
[WhiteElo "380"]
[BlackElo "1661"]
[TimeControl "300"]
[EndTime "12:38:35 PDT"]
[Termination "DmitryVasliev won by checkmate"]

1. f3 d6 2. g3 c6 3. Nh3 g6 4. Nf4 Bg7 5. Nxg6 hxg6 6. Bh3 Bxh3 7. Nc3 b5 8. Ne4 Bg2 9. Rg1 Rxh2 10. Rxg2 Rxg2 11. Kf1 Rh2 12. Nxd6+ exd6 13. Kg1 Rh8 14. Qf1 Nf6 15. Qf2 c5 16. Qe3+ Kf8 17. Qg5 Rh5 18.
Qg4 Nxg4 19. fxg4 Rg5 20. e3 Rxg4 21. Kg2 Qh4 22. d3 Qxg3+ 23. Kf1 Qg1+ 24. Ke2 Rg3 25. Bd2 Qg2+ 26. Kd1 Qf3+ 27. Kc1 Rg1+ 28. Be1 Rxe1+ 29. Kd2 Qe2# 0-1

[Event "Live Chess"]
[Site "Chess.com"]
[Date "2023.05.20"]
[Round "-"]
[White "Wild_Tiger"]
[Black "alanmike75"]
[Result "0-1"]
[WhiteElo "1056"]
[BlackElo "1534"]
[TimeControl "300"]
[EndTime "12:38:38 PDT"]
[Termination "alanmike75 won by checkmate"]

1. d4 d5 2. Nf3 c6 3. e3 Nf6 4. Bd3 Nbd7 5. O-O e6 6. Nbd2 Bd6 7. b3 e5 8. dxe5 Nxe5 9. Bb2 Nxd3 10. cxd3 O-O 11.
Ne5 Re8 12. f4 Bf5 13. d4 Ne4 14. Rf3 f6 15. Nxe4 dxe4 16. Rg3 fxe5 17. dxe5 Bf8 18. Qh5 Bg6 19. Rxg6 hxg6 20. Qxg6 Qe7 21. Qxe4 Qc5 22. e6 Qd5 23. Qg6 Qxe6 24. Qg3 Qxe3+ 25. Kh1 Qxg3 26. hxg3 Re2 27. Be5 Rd8 28. a3 Rdd2 29. Rg1 Bc5 30. Rf1 Rxg2 31. b4 Rh2# 0-1

[Event "Live Chess"]
[Site "Chess.com"]
[Date "2023.05.20"]
[Round "-"]
[White "xx_blindpuffin_xx"]
[Black "defenderalist"]
[Result "1-0"]
[WhiteElo "2215"]
[BlackElo "1589"]
[TimeControl "300"]
[EndTime "12:38:54 PDT"]
[Termination "xx_blindpuffin_xx won by checkmate"]

1. d4 e6 2. Bf4 Nf6 3. e3 d5 4. Nf3 Bd6 5. Bg3 Bxg3 6. hxg3 O-O 7. Bd3 g6 8. Nbd2 b6 9. c4 c5 10. dxc5 dxc4 11. Nxc4 bxc5 12. O-O Bb7 13. Qc2 Nc6 14.
a3 e5 15. Ncxe5 Nxe5 16. Nxe5 Qd5 17. Nf3 Ne4 18. Rad1 Qe6 19. Bxe4 Bxe4 20. Qxc5 Bxf3 21. gxf3 h5 22. Rd6 Qh3 23. Rd4 Qe6 24. Rfd1 Qf6 25.
Kg2 Rfb8 26. b4 Rf8 27. Rf4 Qe6 28. Rd6 Qb3 29. Qg5 Kh7 30. Rh4 Rg8 31. Rxh5+ gxh5 32. Rh6# 1-0

[Event "Live Chess"]
[Site "Chess.com"]
[Date "2023.05.20"]
[Round "-"]
[White "omisoc"]
[Black "booktrunk"]
[Result "1-0"]
[WhiteElo "2185"]
[BlackElo "1304"]
[TimeControl "300"]
[EndTime "12:38:56 PDT"]
[Termination "omisoc won by resignation"]

1. b3 d5 2. e3 Bf5 3. Bb2 f6 4. d4 Nc6 5. Bd3 Bxd3 6. Qxd3 e6 7. Nf3 Bb4+ 8. Nbd2 Bd6 9. O-O Nb4 10. Qc3 a5 11. a3 Nc6 12. Qd3 Nge7 13. c4 dxc4 14. bxc4 Nf5 15. e4 Nfe7 16. Rfe1 O-O 17. Rad1 Ng6 18. g3 Qe7 19. c5 Bxc5 20. dxc5 Qxc5 21.
e5 Ngxe5 22. Nxe5 Nxe5 23. Bxe5 fxe5 24. Ne4 Qb6 25. Rb1 Qa7 26. Qd7 Rad8 27. Qxc7 Rd4 28.
Qb6 Qa8 29. Qxe6+ Kh8 30. Nd6 Qa7 31. Nf7+ Kg8 32. Nh6+ Kh8 33. Qg8+ 1-0

[Event "Live Chess"]
[Site "Chess.com"]
[Date "2023.05.20"]
[Round "-"]
[White "kevinmilleruk"]
[Black "LiamClery2020"]
[Result "0-1"]
[WhiteElo "1120"]
[BlackElo "2085"]
[TimeControl "300"]
[EndTime "12:38:59 PDT"]
[Termination "LiamClery2020 won by resignation"]

1. c4 Nf6 2. Nc3 e5 3. g3 c6 4. Bg2 d5 5. cxd5 cxd5 6. d3 d4 7. Ne4 Nxe4 8. dxe4 Nc6 9. Nf3 f5 10.
Qa4 Bd7 11. Nxe5 Nxe5 12. Qxd4 Nc6 13. Qe3 Bb4+ 14. Bd2 Bxd2+ 15. Qxd2 O-O 16. O-O fxe4 17. Bxe4 Be6 18. Qe3 Qd4 19. Bxh7+ Kxh7 20. Qxe6 Rae8 21. Qh3+ Kg8 22. e3 Qxb2 23. a4 Rxf2 24. Rxf2 Qxa1+ 25. Kg2 Qxa4 26. Qd7 Qe4+ 27. Kh3 Qe6+ 28. Qxe6+ Rxe6 29. Rf3 a5 30. Kg4 a4 31. e4 Rxe4+ 32. Kf5 Re7 33. Ra3 b5 34. Kg6 Re6+ 35. Kf5 Rf6+ 36. Ke4 Rh6 37. h4 Kf7 38. Kd5 Ne7+ 39. Kc5 Rh5+ 40. Kb6 b4 41. Rxa4 Kf6 42. Kc7 Rb5 43. Ra6+ Kf7 44.
Kd7 b3 45. Ra1 b2 46. Rf1+ Kg6 47. h5+ Kxh5 48. Rh1+ Kg6 49. Rb1 Nd5 50. Kc6 Nc3 51.
Rh1 b1=Q 52. Rh2 Qe4+ 53. Kd6 Qe5+ 0-1

[Event "Live Chess"]
[Site "Chess.com"]
[Date "2023.05.20"]
[Round "-"]
[White "Bob2pen"]
[Black "TobyQuaite"]
[Result "1-0"]
[WhiteElo "1797"]
[BlackElo "1678"]
[TimeControl "300"]
[EndTime "12:39:05 PDT"]
[Termination "Bob2pen won by resignation"]

1. e4 e6 2. d4 d5 3. Nc3 Bb4 4. e5 c5 5. a3 Bxc3+ 6. bxc3 Qc7 7. Qg4 Ne7 8. Qxg7 Rg8 9. Qxh7 cxd4 10. Ne2 Qxe5 11. Bf4 Qh8 12. Qxh8 Rxh8 13. cxd4 Nbc6 14. c3 Ng6 15. Bg5 Bd7 16. h4 Kf8 17. h5 Kg7 18.
g4 f6 19. Be3 e5 20. Bg2 exd4 21. Nxd4 Nge5 22. h6+ Kg6 23. Bxd5 Nxg4 24. h7 Rxh7 25. Be4+ f5 26. Rxh7 Kxh7 27. Nxf5 Nf6 28. Bc2 Bxf5 29. Bxf5+ Kg7 30. Bd4 Nxd4 31. cxd4 Rd8 32. Rd1 Ne8 33. Be4 Nd6 34. Bf3 Nb5 35. a4 Nxd4 36. Bxb7 Nc2+ 37.
Ke2 Re8+ 38. Kd2 Nb4 39. Kc3 a5 40. f3 Re5 41. Be4 Kf6 42. Rd6+ Ke7 43. Rh6 Re6 44.
Rxe6+ Kxe6 45. Kd4 Kd6 46. f4 Na6 47. Kc4 Nc5 48.
Bc2 Ne6 49. f5 Nf4 50. Kb5 Kc7 51. Kxa5 Nd5 52. Kb5 Kb7 53. Be4 1-0

[Event "Live Chess"]
[Site "Chess.com"]
[Date "2023.05.20"]
[Round "-"]
[White "wot-not"]
[Black "LiamBellwood"]
[Result "0-1"]
[WhiteElo "1483"]
[BlackElo "2060"]
[TimeControl "300"]
[EndTime "12:39:18 PDT"]
[Termination "LiamBellwood won by resignation"]

1. e4 e6 2. f4 d5 3. e5 c5 4. Nf3 Nc6 5. d4 Nh6 6. Bd3 c4 7. Be2 Nf5 8. O-O Qb6 9. c3 h5 10.
Nbd2 Ne3 11. Qe1 Nc2 12. Qh4 Nxa1 13. Ng5 Be7 14. Qg3 Qa5 15. Ndf3 Bd7 16. Nxf7 Kxf7 17. Ng5+ Bxg5 18. Qxg5 Qd8 19. Bxh5+ Kg8 20. Qg6 Qe8 21. Qb1 Qxh5 0-1

[Event "Live Chess"]
[Site "Chess.com"]
[Date "2023.05.20"]
[Round "-"]
[White "whitedjohn"]
[Black "PiotrD11"]
[Result "1-0"]
[WhiteElo "1664"]
[BlackElo "1342"]
[TimeControl "300"]
[EndTime "12:39:21 PDT"]
[Termination "whitedjohn won on time"]

1. e4 d5 2. exd5 Nf6 3. d4 Nxd5 4. c4 Nf6 5. Nf3 e6 6. Bg5 c6 7. Nc3 Be7 8. Be2 h6 9. Bh4 Nbd7 10. O-O O-O 11. Re1 Bb4 12. Qb3 Bxc3 13. Qxc3 Qc7 14. Bg3 Qd8 15. Ne5 Ne4 16. Qe3 Nxg3 17. Qxg3 Qb6 18.
Qc3 Nxe5 19. dxe5 Qc7 20. f4 b6 21. c5 Bb7 22. b4 Rac8 23. Rad1 a5 24. a3 bxc5 25.
bxc5 Rfd8 26. Rd6 Rxd6 27. cxd6 Qd7 28. Bf3 Ra8 29. Rb1 Ra6 30. Qb3 Bc8 31. Qb8 f6 32.
Be2 Ra7 33. Rb6 fxe5 34. fxe5 Kf7 35. Bh5+ g6 36. Bg4 h5 37. Bf3 Rb7 38. Rxb7 Qxb7 39. Qxb7+ Bxb7 40. Kf2 Ke8 41. Ke3 Kd7 42. Kd4 Ba6 43.
Kc5 Bb5 44. Bd1 h4 45. a4 Bf1 46. Bf3 g5 47. Bxc6+ Kd8 48. Bf3 Ba6 49. Kb6 Bc4 50.
Kxa5 Bd5 51. Bxd5 exd5 52. Kb5 g4 53. Kc5 d4 54. Kxd4 1-0

[Event "Live Chess"]
[Site "Chess.com"]
[Date "2023.05.20"]
[Round "-"]
[White "jennybobby44"]
[Black "WelshTiger"]
[Result "0-1"]
[WhiteElo "1863"]
[BlackElo "2406"]
[TimeControl "300"]
[EndTime "12:39:25 PDT"]
[Termination "WelshTiger won by resignation"]

1. Nf3 c5 2. e4 d6 3. d3 g6 4. g3 Bg7 5. Bg2 Nc6 6. O-O e5 7. c3 Nge7 8. Re1 O-O 9. Be3 b5 10.
d4 Qc7 11. dxc5 dxc5 12. Bxc5 Be6 13. b3 Rfd8 14. Qe2 f6 15. Nbd2 a6 16. h4 Rab8 17.
Rac1 a5 18. Be3 Qd7 19. Nf1 a4 20. c4 axb3 21. axb3 bxc4 22. bxc4 Bg4 23. Qc2 Nb4 24. Qc3 Na2 25. Qa5 Nxc1 26. Rxc1 Be6 27. c5 Nc6 28.
Qc3 Qd3 29. Qxd3 Rxd3 30. N1d2 Bf8 31. Bf1 Rdd8 32. Nc4 Nd4 33. Bxd4 exd4 34. Nb6 Bxc5 35. Rxc5 Rxb6 36. e5 d3 37. Rc1 fxe5 38. Nxe5 d2 39. Rd1 Bb3 40. Bc4+ Kg7 41. Bxb3 Rxb3 42. Kf1 Rc3 43. Nf3 Rxf3 0-1

[Event "Live Chess"]
[Site "Chess.com"]
[Date "2023.05.20"]
[Round "-"]
[White "onemoretime1975"]
[Black "JoshMcK"]
[Result "1-0"]
[WhiteElo "1916"]
[BlackElo "1568"]
[TimeControl "300"]
[EndTime "12:39:26 PDT"]
[Termination "onemoretime1975 won by checkmate"]

1. e4 c6 2. d4 d5 3. exd5 cxd5 4. Nf3 Nf6 5. Bd3 Bg4 6. c3 Nc6 7. Bf4 e6 8. Nbd2 Bd6 9. Bxd6 Qxd6 10. O-O O-O 11.
Qb3 b6 12. Rae1 Na5 13. Qc2 Bxf3 14. Nxf3 Rac8 15. Ne5 Nc4 16. Nxc4 dxc4 17. Be2 b5 18. Bf3 Nd5 19. g3 a5 20. Bxd5 exd5 21. Re5 Rce8 22.
Rfe1 Rxe5 23. Rxe5 f6 24. Re3 Kf7 25. Qe2 h6 26.
Qh5+ Kg8 27. Qg4 Qd8 28. Qe6+ Kh8 29. Qc6 b4 30. cxb4 axb4 31. Qb5 c3 32. bxc3 bxc3 33. Rxc3 Qa8 34. a3 Rb8 35. Qc5 Qb7 36. Kg2 Kg8 37.
a4 Kf7 38. a5 Ke6 39. Re3+ Kf5 40. h4 Qd7 41. Qc2+ Kg4 42. Qg6# 1-0

[Event "Live Chess"]
[Site "Chess.com"]
[Date "2023.05.20"]
[Round "-"]
[White "Olisingapore"]
[Black "KeithArkell"]
[Result "0-1"]
[WhiteElo "1899"]
[BlackElo "2615"]
[TimeControl "300"]
[EndTime "12:39:29 PDT"]
[Termination "KeithArkell won by checkmate"]

1. d4 e6 2. c4 Bb4+ 3. Nd2 c5 4. d5 Nf6 5. a3 Bxd2+ 6. Qxd2 d6 7. g3 e5 8. Bg2 O-O 9. e4 a6 10. Nf3 b5 11. b3 Nxe4 12. Qd3 f5 13. O-O Nd7 14. Re1 Ndf6 15. Nd2 Nxd2 16. Bxd2 Bd7 17. b4 bxc4 18. Qxc4 Bb5 19. Qa2 cxb4 20. Bxb4 a5 21. Bc3 Qc7 22. Rec1 Qb6 23. a4 Bd3 24. Qd2 Be4 25. Bxe4 Nxe4 26. Qd3 Qxf2+ 27. Kh1 Qa7 28. Be1 Rab8 29. Rab1 Rxb1 30.
Rxb1 Rc8 31. Qf3 g6 32. Qb3 Qc5 33. Qf3 Qc4 34. Bxa5 Qxd5 35. Kg1 Qxa5 36. Qb3+ d5 37. Qb7 Qc5+ 38. Kg2 Qf2+ 39. Kh3 Ng5+ 40. Kh4 Nf3+ 41.
Kh3 Qxh2# 0-1

[Event "Live Chess"]
[Site "Chess.com"]
[Date "2023.05.20"]
[Round "-"]
[White "bristolunichess"]
[Black "LanceMaster23"]
[Result "0-1"]
[WhiteElo "1762"]
[BlackElo "1865"]
[TimeControl "300"]
[EndTime "12:39:33 PDT"]
[Termination "LanceMaster23 won by checkmate"]

1. e4 c5 2. Nf3 Nc6 3. d4 cxd4 4. Nxd4 Qc7 5. Be3 Nf6 6. f3 e6 7. Nc3 a6 8. a3 Be7 9. Be2 b5 10. g4 h6 11. h4 d6 12. Qd2 Nxd4 13. Bxd4 e5 14.
Be3 Bb7 15. O-O-O Nd7 16. g5 hxg5 17. hxg5 Rg8 18. Nd5 Bxd5 19. Qxd5 Rc8 20. g6 Qxc2# 0-1

[Event "Live Chess"]
[Site "Chess.com"]
[Date "2023.05.20"]
[Round "-"]
[White "Man-Del-Brot"]
[Black "manthanit"]
[Result "0-1"]
[WhiteElo "1121"]
[BlackElo "1006"]
[TimeControl "300"]
[EndTime "12:39:42 PDT"]
[Termination "manthanit won by checkmate"]

1. d4 e6 2. e4 d5 3. e5 c5 4. Nf3 a6 5. c3 Nc6 6. Be2 Qb6 7. Qa4 Bd7 8. Qb3 Qxb3 9. axb3 cxd4 10. cxd4 Bb4+ 11. Bd2 Nge7 12. O-O Nf5 13. Bxb4 Nxb4 14. Rd1 O-O 15. Nc3 b5 16. Ra5 Rfc8 17. Rda1 Nc2 18. R1a2 b4 19. Na4 Ncxd4 20. Nxd4 Nxd4 21. Kf1 Rc1+ 22. Bd1 Rxd1# 0-1

[Event "Live Chess"]
[Site "Chess.com"]
[Date "2023.05.20"]
[Round "-"]
[White "ossie57"]
[Black "MaximKris"]
[Result "1-0"]
[WhiteElo "1914"]
[BlackElo "1849"]
[TimeControl "300"]
[EndTime "12:39:46 PDT"]
[Termination "ossie57 won by checkmate"]

1. d4 d5 2. Nc3 Nf6 3. Bf4 Bf5 4.
e3 e6 5. f3 Bd6 6. Bd3 Bxf4 7.
exf4 Bxd3 8. Qxd3 Qd6 9. Nge2 O-O 10. g4 Nc6 11. a3 Nd7 12. h4 f6 13. f5 e5 14. Nb5 Qe7 15. Nxc7 Rac8 16. Nxd5 Qd6 17.
Qb3 Kh8 18. O-O-O Na5 19. Qb5 Nc4 20. dxe5 Qxe5 21. Nec3 Ndb6 22. Rhe1 Nxa3 23. bxa3 Qb8 24. Nxb6 axb6 25. Rd3 Qf4+ 26. Kb2 Qg3 27. Red1 Qxh4 28. Qd7 h6 29. Qxb7 Rb8 30. Qe7 Qg5 31. Rd8 Rbxd8 32.
Rxd8 Rxd8 33. Qxd8+ Kh7 34. Qe8 Qf4 35. Qg6+ Kh8 36.
Qe8+ Kh7 37. Qe4 Qxe4 38. Nxe4 Kg8 39. Kb3 Kf8 40. Kb4 Ke7 41. Kb5 Kf7 42. Kxb6 g6 43. fxg6+ Kxg6 44. a4 f5 45. Nf2 fxg4 46. fxg4 Kg5 47.
a5 Kf4 48. a6 Kg3 49. a7 Kxf2 50. a8=Q Kg3 51. Qe4 Kh4 52. Qf5 h5 53. Qxh5+ Kg3 54. g5 Kf2 55. g6 Kg2 56. g7 Kf2 57. Qg4 Ke3 58. c4 Kd2 59. c5 Kc3 60. c6 Kb2 61.
c7 Ka3 62. Qd4 Kb3 63. Qc5 Kb2 64. g8=Q Ka1 65. Qg7+ Kb1 66. Qb4+ Ka2 67. Qf7+ Ka1 68. Qc3+ Kb1 69. Qf1+ Ka2 70. Qfa1# 1-0

[Event "Live Chess"]
[Site "Chess.com"]
[Date "2023.05.20"]
[Round "-"]
[White "viktorskliarov"]
[Black "djw60"]
[Result "1-0"]
[WhiteElo "2652"]
[BlackElo "2109"]
[TimeControl "300"]
[EndTime "12:39:57 PDT"]
[Termination "viktorskliarov won by resignation"]

1. e4 e6 2. d4 d5 3. e5 c5 4. c3 Nh6 5. Bxh6 gxh6 6. Nf3 Nc6 7. a3 Qb6 8. b4 cxd4 9. cxd4 Bg7 10. Nc3 O-O 11.
Bd3 f6 12. b5 fxe5 13. bxc6 e4 14. Nxe4 dxe4 15. Bxe4 bxc6 16. O-O Ba6 17. Re1 Bc4 18. Qc2 Bd5 19. Bxh7+ Kh8 20. Be4 Rxf3 21. Bxd5 cxd5 22. gxf3 Bxd4 23. Rab1 Rg8+ 24. Kh1 Qd6 25. Rg1 Bg7 26. Rb7 Qxa3 27. Rg3 Qa6 28. Rb1 d4 29. Qg6 Qe2 30. Kg2 d3 31. Rb8 Qe5 32. Rxg8+ Kxg8 33. Qxd3 a5 34. Qd8+ Kh7 35. Qa8 h5 36. Qe4+ Qxe4 37. fxe4 Bf8 38. Rg5 a4 39. Rxh5+ Kg6 40. Ra5 a3 41. f4 1-0

[Event "Live Chess"]
[Site "Chess.com"]
[Date "2023.05.20"]
[Round "-"]
[White "raminguy"]
[Black "DerbyKnight"]
[Result "1-0"]
[WhiteElo "1976"]
[BlackElo "1622"]
[TimeControl "300"]
[EndTime "12:40:04 PDT"]
[Termination "raminguy won on time"]

1. d4 d5 2. Nc3 Nf6 3. Bf4 c5 4. e4 Nxe4 5. Nb5 Na6 6. dxc5 Nexc5 7. a4 Bd7 8. Nf3 f6 9. Qxd5 e5 10. Bc4 Qe7 11. Bg3 Bc6 12. Nd6+ Kd7 13. Qf7 Nb4 14.
O-O-O Kc7 15. Qxe7+ Bxe7 16. Nb5+ Bxb5 17. axb5 a6 18. c3 axb5 19. cxb4 Ra1+ 20. Kc2 Rxd1 21. Rxd1 Na4 22. Bxb5 Nb6 23. Kb3 Ra8 24. Ne1 Nc8 25.
f4 Nd6 26. Bf1 Nf5 27. fxe5 Nxg3 28. hxg3 fxe5 29. Nd3 Bf6 30. Nc5 b6 31. Ne4 1-0

[Event "Live Chess"]
[Site "Chess.com"]
[Date "2023.05.20"]
[Round "-"]
[White "friarnator"]
[Black "Conradical12"]
[Result "1-0"]
[WhiteElo "2008"]
[BlackElo "1574"]
[TimeControl "300"]
[EndTime "12:40:06 PDT"]
[Termination "friarnator won by resignation"]

1. d4 d5 2. Nc3 Nf6 3. Bf4 c5 4. e3 Nc6 5. Nf3 Bf5 6. a3 Qb6 7. dxc5 Qxb2 8. Na4 Bxc2 9. Nxb2 Bxd1 10. Rxd1 e6 11.
Bb5 Bxc5 12. a4 O-O 13. O-O Ne4 14. Nd3 f6 15. Nxc5 Nxc5 16. Bd6 a6 17. Bxc6 Rfd8 18. Bxc5 b6 1-0

[Event "Live Chess"]
[Site "Chess.com"]
[Date "2023.05.20"]
[Round "-"]
[White "BillythekidFellowes"]
[Black "MartinWalker4"]
[Result "1/2-1/2"]
[WhiteElo "2022"]
[BlackElo "2069"]
[TimeControl "300"]
[EndTime "12:40:19 PDT"]
[Termination "Game drawn by agreement"]

1. e4 e5 2. Nf3 Nc6 3. Bc4 Bc5 4. c3 Nf6 5. d3 O-O 6. Bg5 Be7 7. Nbd2 h6 8. Bh4 d6 9. Nf1 Nh5 10. Bxe7 Qxe7 11.
Ne3 Nf6 12. Qc2 Be6 13. O-O-O Rfb8 14. a4 a6 15. Bxe6 fxe6 16. d4 b5 17. d5 Na5 18.
b4 Nc4 19. Nxc4 bxc4 20. a5 exd5 21. exd5 Qf7 22. Qe2 Nxd5 23. Qxc4 Nf4 24. Qxf7+ Kxf7 25. g3 Ne6 26. Kc2 Ke7 27. Rhe1 Rf8 28. Re3 Rf7 29. Rd2 Raf8 30. Nh4 Rf6 31. f4 exf4 32. gxf4 Kd7 33.
f5 Nf4 34. Rf3 g5 35. fxg6 Nxg6 36. Nxg6 Rxf3 37. Nxf8+ Rxf8 38. Rg2 Rf6 39. Kd3 Kc6 1/2-1/2

[Event "Live Chess"]
[Site "Chess.com"]
[Date "2023.05.20"]
[Round "-"]
[White "Ayush_prahlad_Gupta"]
[Black "EdvancedChess"]
[Result "0-1"]
[WhiteElo "1786"]
[BlackElo "1920"]
[TimeControl "300"]
[EndTime "12:40:34 PDT"]
[Termination "EdvancedChess won by resignation"]

1. e4 e5 2. Nc3 Nc6 3. Bc4 Nf6 4.
d3 Bc5 5. Bg5 O-O 6. Nd5 Be7 7.
Nxe7+ Qxe7 8. h4 d6 9. h5 h6 10. Be3 Ng4 11. Qd2 Nxe3 12. fxe3 Qg5 13. Nf3 Qg3+ 14.
Qf2 Qxf2+ 15. Kxf2 Na5 16. Bb3 c6 17. Rag1 Nxb3 18.
axb3 f5 19. exf5 Rxf5 20. Ke2 Be6 21. g4 Rf7 22. g5 Raf8 23. g6 Rxf3 0-1

[Event "Live Chess"]
[Site "Chess.com"]
[Date "2023.05.20"]
[Round "-"]
[White "Salpingidis"]
[Black "smoggyrabbit"]
[Result "1-0"]
[WhiteElo "2285"]
[BlackElo "1661"]
[TimeControl "300"]
[EndTime "12:40:40 PDT"]
[Termination "Salpingidis won on time"]

1. d4 e6 2. c4 f5 3. Nc3 Nf6 4. Qc2 d5 5. cxd5 exd5 6. Bg5 c6 7. e3 Be7 8. Bd3 g6 9. Bh6 Nbd7 10. Nge2 Ng4 11. Bg7 Rg8 12. Be5 Ngxe5 13. dxe5 Nxe5 14. O-O Bd6 15. Nf4 Qh4 16. g3 Qh6 17. Be2 g5 18. Nfxd5 g4 19. Nf4 Nf3+ 20. Bxf3 gxf3 21. Qb3 Rg7 22.
Rad1 Bxf4 23. exf4 Be6 24. Rfe1 Re7 25. Rxe6 Rxe6 26.
Qc4 Re2 27. Nxe2 Qh3 28. Qe6+ Kf8 29. Qf6+ Kg8 30. Qg5+ Kf8 31. Rd8+ Rxd8 32. Qxd8+ Kf7 33. Qd7+ Kg6 34. Qe8+ Kf6 35. Qh8+ Ke6 36. Nd4+ Kd6 37. Nxf3 Qg4 38. Qe5+ 1-0

[Event "Live Chess"]
[Site "Chess.com"]
[Date "2023.05.20"]
[Round "-"]
[White "SiDebanks"]
[Black "Jo1ts"]
[Result "1-0"]
[WhiteElo "1385"]
[BlackElo "741"]
[TimeControl "300"]
[EndTime "12:40:51 PDT"]
[Termination "SiDebanks won by checkmate"]

1. d4 d5 2. Nc3 Nc6 3. Bf4 Nf6 4. Nb5 Rb8 5. Bxc7 Qd7 6. Bxb8 Nxb8 7. e3 a6 8. Nc3 e6 9. Bd3 Qd6 10. Nf3 Nc6 11.
O-O Be7 12. h3 O-O 13. Qd2 e5 14. dxe5 Nxe5 15. Nxe5 Qxe5 16. Rfe1 Bd6 17. f4 Qe6 18. Be2 Ne4 19. Nxe4 dxe4 20. Bg4 Qg6 21. Bxc8 Rxc8 22. Rad1 Be7 23. Qd7 Rxc2 24. Rd2 Rxd2 25. Qxd2 h6 26. Rc1 Qd6 27. Rc8+ Kh7 28. Qxd6 Bxd6 29. Rd8 Bc5 30. Kf2 f6 31. Rd7 Bb4 32. Rxb7 a5 33. a3 Bd2 34. Ke2 Bc1 35. b4 Bxa3 36. bxa5 Bc5 37. a6 Kg6 38. a7 Bxa7 39. Rxa7 Kf5 40. g4+ Kg6 41. Kd2 f5 42. Kc3 fxg4 43. hxg4 Kf6 44. Ra6+ Kf7 45.
Kd4 g5 46. Kxe4 gxf4 47. exf4 Kg7 48. f5 Kf7 49. Rxh6 Kg7 50. Ra6 Kf7 51. Ke5 Kg7 52. g5 Kh7 53. Rg6 Kh8 54. f6 Kh7 55. Kf5 Kh8 56. f7 Kh7 57. Kf6 Kh8 58. f8=Q+ Kh7 59.
Qg7# 1-0

[Event "Live Chess"]
[Site "Chess.com"]
[Date "2023.05.20"]
[Round "-"]
[White "OleksiyJr1"]
[Black "MrDodgy"]
[Result "0-1"]
[WhiteElo "942"]
[BlackElo "2286"]
[TimeControl "300"]
[EndTime "12:40:55 PDT"]
[Termination "MrDodgy won by checkmate"]

1. e4 c6 2. Nf3 g6 3. e5 Bg7 4.
Nc3 d6 5. exd6 exd6 6. d4 Ne7 7. Bg5 h6 8. Bxe7 Qxe7+ 9. Be2 O-O 10. O-O Nd7 11. Re1 Nf6 12. Bd3 Qc7 13. Ne4 Nxe4 14. Rxe4 Bf5 15. Re3 Bg4 16. h3 Be6 17. b3 c5 18.
dxc5 Bxa1 19. cxd6 Qc3 20. Bxg6 Qg7 21. Be4 Rad8 22.
Bxb7 Bf6 23. Rd3 Bf5 24. Rd5 Bg6 25. d7 Be4 26. Rd6 Bxb7 27. Nd4 Qxg2# 0-1

[Event "Live Chess"]
[Site "Chess.com"]
[Date "2023.05.20"]
[Round "-"]
[White "Andysav3"]
[Black "amazinggoalkeeper"]
[Result "1-0"]
[WhiteElo "1698"]
[BlackElo "499"]
[TimeControl "300"]
[EndTime "12:40:57 PDT"]
[Termination "Andysav3 won by resignation"]

1. e4 e5 2. Nf3 Nc6 3. d4 Nxd4 4. Nxd4 exd4 5. Qxd4 Qf6 6. e5 Qe6 7. Bc4 Qe7 8. O-O f6 9. Re1 fxe5 10. Rxe5 Qe6 1-0

[Event "Live Chess"]
[Site "Chess.com"]
[Date "2023.05.20"]
[Round "-"]
[White "AdamOwls"]
[Black "JohanKjeldahl"]
[Result "1/2-1/2"]
[WhiteElo "1954"]
[BlackElo "1796"]
[TimeControl "300"]
[EndTime "12:41:05 PDT"]
[Termination "Game drawn by agreement"]

1. e4 c5 2. d4 cxd4 3. c3 dxc3 4. Nxc3 e6 5. Nf3 Nc6 6. Bc4 a6 7. O-O b5 8. Bb3 Bb7 9. Qe2 Qc7 10. Rd1 Be7 11. Be3 Nf6 12. h3 O-O 13. Rac1 Rad8 14.
Nd5 exd5 15. exd5 Nxd5 16. Bxd5 Bf6 17. Nd4 Rfe8 18. Qf3 Nxd4 19. Bxd4 Bxd5 20. Qxd5 Qf4 21. Bxf6 Qxf6 22. Rc7 Qe6 23. Qd4 d5 24. Rc5 Kf8 25. Rxd5 Rxd5 26. Qxd5 Qxd5 27. Rxd5 Re2 28. Rd6 Rxb2 29.
Rxa6 b4 1/2-1/2